 Dungeon Crawl Stone Soup version 0.22.1-1-ga44c0e56f4 (webtiles) character file.

64430 Pocketmage the Bludgeoner (level 14, -25/135 HPs)
             Began as a Minotaur Berserker on Oct 10, 2018.
             Was a High Priest of Trog.
             Annihilated by a titanic slime creature (83 damage)
             ... on level 3 of the Swamp.
             The game lasted 01:32:20 (23002 turns).

Pocketmage the Bludgeoner (Minotaur Berserker)     Turns: 23002, Time: 01:32:20

Health: -25/135    AC: 23    Str: 26    XL:     14   Next: 71%
Magic:  4/4        EV: 10    Int:  5    God:    Trog [*****.]
Gold:   717        SH: 20    Dex: 10    Spells: 13/13 levels left

rFire    . . .     SeeInvis .   U - +3 flail (antimagic)
rCold    + + .     Gourm    .   y - +0 large shield
rNeg     . . .     Faith    .   M - +3 chain mail {rC+}
rPois    .         Spirit   .   L - +1 hat {MR+}
rElec    .         Reflect  .   f - +0 cloak
rCorr    +         Harm     .   J - +1 pair of gloves
MR       ++...                  O - +0 pair of boots
Stlth    ..........             o - amulet of magic regeneration
HPRegen  0.32/turn              h - ring of protection from cold
MPRegen  0.34/turn              X - ring of resist corrosion

@: no status effects
A: retaliatory headbutt, horns 2
a: Berserk, Trog's Hand, Brothers in Arms, Renounce Religion


You were on level 3 of the Swamp.
You worshipped Trog.
Trog was extremely pleased with you.
You were not hungry.

You visited 3 branches of the dungeon, and saw 19 of its levels.
You also visited: Ossuary.

You collected 1137 gold pieces.
You spent 420 gold pieces at shops.

Inventory:

Hand Weapons
 S - a +4 morningstar of freezing
 U - a +3 antimagic flail (weapon)
Missiles
 E - 3 throwing nets (quivered)
Armour
 f - a +0 cloak (worn)
 y - a +0 large shield (worn)
 J - a +1 pair of gloves (worn)
 L - a +1 hat of magic resistance (worn)
 M - a +3 chain mail of cold resistance (worn)
 O - a +0 pair of boots (worn)
Jewellery
 b - an uncursed ring of flight
 h - a ring of protection from cold (left hand)
 o - an amulet of magic regeneration (around neck)
 C - an uncursed ring of see invisible
 D - an uncursed ring of ice
 X - a ring of resist corrosion (right hand)
Wands
 j - a wand of acid (19)
 m - a wand of polymorph (38)
 t - a wand of disintegration (14)
 H - a wand of flame (46)
 T - a wand of clouds (5)
 Y - a wand of iceblast (13)
Scrolls
 a - 11 scrolls of teleportation
 e - 11 scrolls of remove curse
 l - 6 scrolls of amnesia
 n - 4 scrolls of blinking
 q - 3 scrolls of enchant weapon
 u - a scroll of summoning {unknown}
 B - 6 scrolls of enchant armour {unknown}
 I - a scroll of random uselessness
 K - a scroll of fear {unknown}
 R - 4 scrolls of fog
 W - 2 scrolls of brand weapon {unknown}
Potions
 d - 2 potions of resistance
 g - 13 potions of curing
 i - a potion of heal wounds
 k - a potion of cancellation
 r - 2 potions of haste
 s - 2 potions of invisibility
 w - 6 potions of berserk rage
 x - 3 potions of brilliance
 z - 2 potions of mutation
 F - a potion of ambrosia {unknown}
 G - a potion of agility
 P - 2 potions of might
 Z - 3 potions of magic
Miscellaneous
 Q - a lamp of fire
Comestibles
 c - 33 rations


   Skills:
 + Level 15.1 Fighting
 - Level 16.0 Maces & Flails
 + Level 14.9 Armour
 + Level 7.5 Dodging
 + Level 13.6 Shields


You had 13 spell levels left.
You didn't know any spells.
Your spell library was empty.

Dungeon Overview and Level Annotations

Branches:
Dungeon (10/15)            Temple (0/1) D:6            Lair (6/6) D:8
  Swamp (3/4) Lair:3       Spider (0/4) Lair:3        Slime (0/5) Lair:6
    Orc: D:9-12

Altars:
Ashenzari
Fedhas
Nemelex Xobeh
Qazlal
Ru
Trog
Xom
Zin
The Shining One

Shops:
D:6 :   D:8 %:*:

Annotations:
D:2 Sigmund


Innate Abilities, Weirdness & Mutations

You reflexively headbutt those who attack you in melee.
You have a pair of horns on your head.


Message History

You sock the thorn hunter!
The thorn hunter's magic leaks into the air.
The thorn hunter is moderately damaged.
The briar patch crumbles away.
The blink frog falters for a moment.
You block the titanic slime creature's attack.
You block the spiny frog's attack. The thorn hunter misses you.
You block the thorn hunter's attack.
You sock the thorn hunter!
The thorn hunter's magic leaks into the air.
Your headbutt misses the thorn hunter.
The thorn hunter is heavily damaged.
The briar patch crumbles away.
You block the blink frog's attack. The spiny frog stings you.
You block the thorn hunter's attack. The thorn hunter hits you!
The titanic slime creature hits you!!
* * * LOW HITPOINT WARNING * * *
You feel much better. You block the blink frog's attack.
You block the thorn hunter's attack. x2
The titanic slime creature hits you!!!!
Ouch! That really hurt!
You die...

♣.§.....≈.≈..≈♣♣♣
.≈≈..
♣.≈≈$.≈.%.≈≈≈≈≈≈♣
♣.≈≈≈
♣≈..[.......≈≈♣
♣.≈≈.
♣≈...?≈≈.?♣≈≈≈≈
♣.≈≈≈ ♣!.....≈♣.≈≈..
♣♣≈≈≈
♣...♣.≈≈♣≈≈♣..≈≈♣
♣♣.≈
♣♣§≈....F≈.♣...≈♣
♣♣§
♣≈...≈≈JFf.♣.≈≈≈♣ ♣.
♣≈...≈≈♣@F...≈≈.♣ ♣.
♣.≈..≈≈F....≈≈≈≈♣
♣♣.
♣..≈♣..≈♣♣.♣.≈≈.♣
♣♣..
♣...♣♣♣....≈♣.≈≈.♣
♣♣≈.≈ .....
♣♣..≈.♣....♣ ♣≈≈≈≈
.≈≈.♣ ♣♣.≈...≈≈P♣
♣♣♣.≈♣≈ ≈≈≈.
♣.≈≈≈P≈≈≈.♣♣♣♣....≈≈
≈≈≈
♣♣≈≈≈<≈≈≈≈.≈≈.≈≈≈≈..
♣♣≈≈....≈≈≈≈≈≈≈.≈♣≈


You could see a thorn hunter, a titanic slime creature, a spiny frog and 3 blink
frogs.

Vanquished Creatures
  Gastronok (D:8)
  2 thorn hunters (Swamp:1)
  The ghost of Duecothri the Severer, a journeyman MiFi of Yredelemnul (Swamp:1)
  A fire dragon (Lair:6)
  7 hydras
  A ghost crab (Swamp:3)
  A catoblepas (Lair:5)
  6 death yaks (Lair:6)
  A queen ant (Lair:3)
  A two-headed ogre (D:9)
  6 alligators
  Sonja (Lair:6)
  2 swamp dragons
  2 wolf spiders
  9 black mambas
  A guardian serpent (Lair:6)
  Joseph (D:8)
  21 spiny frogs
  2 rime drakes
  7 komodo dragons
  Grinder (D:6)
  4 polar bears
  5 tyrant leeches
  13 slime creatures
  2 hornets (Lair:6)
  A bog body (Swamp:1)
  8 blink frogs
  3 hippogriffs
  4 redbacks (Lair:6)
  Eustachio (D:4)
  35 yaks
  10 wyverns
  4 fire bats (Lair:5)
  A hungry ghost (D:10)
  2 basilisks (Lair:6)
  5 steam dragons
  Menkaure (D:5)
  An acid dragon (D:10)
  Edmund (D:6)
  9 porcupines
  3 insubstantial wisps (Swamp:2)
  16 water moccasins
  20 soldier ants
  7 swamp worms
  2 orc warriors
  6 swamp drakes
  2 ice beasts (D:9)
  6 ogres
  3 phantoms
  A sky beast (D:8)
  4 centaurs
  8 crocodiles
  A big kobold (D:10)
  8 bullfrogs
  A water moccasin zombie (D:9)
  8 scorpions (Ossuary)
  9 wights
  10 killer bees
  7 howler monkeys (D:9)
  A lava snake (Lair:5)
  2 electric eels
  2 crimson imps
  3 bullfrog zombies
  3 centaur zombies (Ossuary)
  6 hounds
  3 human zombies (Ossuary)
  5 jellies
  4 orc priests
  5 orc wizards
  Jessica (D:2)
  2 bullfrog skeletons (D:5)
  Natasha (thrice) (D:3)
  Terence (D:2)
  Ijyb (D:3)
  7 iguanas
  5 hell rats (Lair:5)
  26 worker ants
  A big kobold zombie (Ossuary)
  3 mummies (Ossuary)
  16 adders
  6 gnolls
  3 scorpion zombies (Ossuary)
  A white imp (D:6)
  4 oozes
  2 adder zombies
  3 worms
  A dart slug (D:2)
  A leopard gecko (D:4)
  26 orcs
  7 giant cockroaches
  2 gnoll zombies (Ossuary)
  7 goblins
  3 hobgoblins
  10 jackals
  16 kobolds
  4 quokkas
  A ball python (D:1)
  10 bats
  7 frilled lizards
  A goblin zombie (Ossuary)
  3 hobgoblin zombies (Ossuary)
  3 kobold skeletons (D:6)
  6 kobold zombies
  A leopard gecko skeleton (D:5)
  An orc skeleton (D:6)
  6 orc zombies
  A quokka skeleton (D:8)
  6 rats
  A briar patch (Swamp:1)
  A plant (Lair:6)
551 creatures vanquished.

Vanquished Creatures (collateral kills)
  A slime creature (Swamp:3)
1 creature vanquished.

Vanquished Creatures (others)
  A tyrant leech (Swamp:2)
  A swamp worm (Swamp:3)
  A briar patch (Swamp:1)
  27 fungi
  35 plants
65 creatures vanquished.

Grand Total: 617 creatures vanquished

Notes
Turn   | Place    | Note
-------+----------+-------------------------------------------
     0 | D:1      | Pocketmage the Minotaur Berserker began the quest for the
                  | Orb.
     0 | D:1      | Reached XP level 1. HP: 19/19 MP: 0/0
   480 | D:1      | Reached XP level 2. HP: 25/27 MP: 1/1
   625 | D:1      | Reached skill level 4 in Maces & Flails
   983 | D:1      | Reached ** piety under Trog
  1010 | D:2      | Noticed Jessica
  1078 | D:2      | Killed Jessica
  1078 | D:2      | Reached XP level 3. HP: 34/34 MP: 2/2
  1216 | D:2      | Reached XP level 4. HP: 37/41 MP: 3/3
  1358 | D:2      | Reached skill level 5 in Maces & Flails
  1582 | D:2      | Noticed Terence
  1592 | D:2      | Killed Terence
  1592 | D:2      | Reached XP level 5. HP: 38/47 MP: 4/4
  1677 | D:2      | Noticed Sigmund
  1846 | D:3      | Noticed Ijyb
  1854 | D:3      | Killed Ijyb
  1916 | D:3      | Found a sacrificial altar of Ru.
  1965 | D:3      | Noticed Natasha
  1966 | D:3      | Reached skill level 5 in Fighting
  1975 | D:3      | Killed Natasha
  1997 | D:3      | Noticed Natasha
  2004 | D:3      | Killed Natasha
  2084 | D:3      | Reached XP level 6. HP: 56/56 MP: 5/5
  2142 | D:3      | Noticed Natasha
  2149 | D:3      | Killed Natasha
  2216 | D:3      | Reached *** piety under Trog
  2268 | D:3      | Reached skill level 6 in Maces & Flails
  2761 | D:4      | Found a sparkling altar of Nemelex Xobeh.
  3106 | D:4      | Found a blossoming altar of Fedhas.
  3144 | D:4      | Noticed Eustachio
  3167 | D:4      | Killed Eustachio
  3167 | D:4      | Reached XP level 7. HP: 38/62 MP: 6/6
  3328 | D:4      | Found a shimmering altar of Xom.
  3410 | D:4      | Reached skill level 7 in Maces & Flails
  3908 | D:5      | Entered Level 5 of the Dungeon
  3919 | D:4      | Reached skill level 5 in Armour
  3955 | D:5      | Received a gift from Trog
  3967 | D:5      | Noticed a steam dragon
  3983 | D:5      | Killed a steam dragon
  3983 | D:5      | Reached skill level 8 in Maces & Flails
  3983 | D:5      | Reached skill level 5 in Dodging
  3983 | D:5      | Reached XP level 8. HP: 27/71 MP: 7/7
  4161 | D:5      | Found a blossoming altar of Fedhas.
  4227 | D:5      | Found a shattered altar of Ashenzari.
  4237 | D:5      | Found a glowing silver altar of Zin.
  4307 | D:5      | Found a sand-covered staircase.
  4312 | Ossuary  | Entered an ossuary
  4587 | Ossuary  | Reached **** piety under Trog
  4590 | Ossuary  | Reached skill level 9 in Maces & Flails
  5002 | D:5      | Reached XP level 9. HP: 72/79 MP: 8/8
  5069 | D:6      | Noticed Menkaure
  5083 | D:5      | Killed Menkaure
  5373 | D:6      | Found Hijuokh's Book Shop.
  5411 | D:6      | Noticed Edmund
  5427 | D:6      | Reached skill level 10 in Maces & Flails
  5436 | D:6      | Killed Edmund
  5436 | D:6      | Reached skill level 1 in Shields
  5443 | D:6      | Found a staircase to the Ecumenical Temple.
  5711 | D:6      | Found a glowing golden altar of the Shining One.
  5718 | D:6      | Reached ***** piety under Trog
  5847 | D:6      | Noticed Grinder
  5858 | D:6      | Paralysed by Grinder for 3 turns
  5863 | D:6      | Killed Grinder
  6785 | D:8      | Found Anylo's Book Emporium.
  6846 | D:8      | Found a staircase to the Lair.
  6859 | D:8      | Found a stormy altar of Qazlal.
  6873 | D:8      | Noticed Gastronok
  6890 | D:8      | Killed Gastronok
  6890 | D:8      | Reached skill level 11 in Maces & Flails
  6890 | D:8      | Reached XP level 10. HP: 91/91 MP: 9/9
  6994 | D:8      | Found Pametwel's Assorted Antiques.
  6997 | D:8      | Noticed Joseph
  7107 | D:8      | Killed Joseph
  7107 | D:8      | Reached skill level 12 in Maces & Flails
  7235 | D:8      | Bought a runed chain mail for 210 gold pieces
  7257 | D:8      | Reached skill level 5 in Shields
  7348 | D:8      | Found Kuqiog's Food Emporium.
  7429 | D:8      | Found Amiaxef's Book Shoppe.
  7656 | D:9      | Noticed a two-headed ogre
  7669 | D:9      | Killed a two-headed ogre
  8271 | D:9      | Found a bloodstained altar of Trog.
  8444 | D:10     | Entered Level 10 of the Dungeon
  8479 | D:10     | Reached XP level 11. HP: 63/99 MP: 10/10
  8663 | D:10     | Reached skill level 10 in Fighting
  8881 | D:10     | Reached skill level 13 in Maces & Flails
  9338 | D:10     | Received a gift from Trog
  9668 | Lair:1   | Entered Level 1 of the Lair of Beasts
  9720 | Lair:1   | Reached skill level 10 in Armour
 10342 | Lair:1   | Reached skill level 14 in Maces & Flails
 10352 | Lair:1   | Noticed a five-headed hydra
 10358 | Lair:1   | Killed a five-headed hydra
 11896 | Lair:2   | Reached XP level 12. HP: 110/110 MP: 11/11
 12077 | Lair:2   | Noticed a five-headed hydra
 12087 | Lair:2   | Killed a five-headed hydra
 12557 | Lair:3   | Found a staircase to the Swamp.
 12617 | Lair:3   | Reached skill level 15 in Maces & Flails
 13311 | Lair:3   | Found a hole to the Spider Nest.
 13580 | Lair:3   | Noticed a queen ant
 13620 | Lair:3   | Killed a queen ant
 14361 | Lair:4   | Noticed a five-headed hydra
 14367 | Lair:4   | Killed a five-headed hydra
 14427 | Lair:4   | Received a gift from Trog
 14708 | Lair:4   | You fall through a shaft!
 14708 | Lair:5   | Noticed a seven-headed hydra
 14713 | Lair:5   | Killed a seven-headed hydra
 14716 | Lair:5   | Reached skill level 16 in Maces & Flails
 14798 | Lair:5   | Noticed a six-headed hydra
 14801 | Lair:5   | Reached skill level 10 in Shields
 14808 | Lair:5   | Killed a six-headed hydra
 14808 | Lair:5   | Reached XP level 13. HP: 89/119 MP: 12/12
 15417 | D:8      | Bought a pair of embroidered gloves for 210 gold pieces
 16341 | Lair:6   | Entered Level 6 of the Lair of Beasts
 16762 | Lair:6   | Noticed a fire dragon
 16871 | Lair:6   | Found a staircase to the Slime Pits.
 17162 | Lair:6   | Reached ****** piety under Trog
 17228 | Lair:6   | Noticed Sonja
 17239 | Lair:6   | Killed Sonja
 17459 | Lair:6   | Received a gift from Trog
 18408 | Lair:6   | Reached XP level 14. HP: 117/132 MP: 13/13
 19618 | Swamp:1  | Entered Level 1 of the Swamp
 19622 | Swamp:1  | Noticed a thorn hunter
 19840 | Swamp:1  | Killed a thorn hunter
 20068 | Swamp:1  | Noticed a thorn hunter
 20077 | Swamp:1  | Killed a thorn hunter
 20370 | Swamp:1  | Found a runed door.
 20373 | Swamp:1  | Noticed Duecothri's ghost (journeyman MiFi)
 20390 | Swamp:1  | Killed Duecothri's ghost
 22266 | Swamp:3  | Reached skill level 15 in Fighting
 22875 | Swamp:3  | Received a gift from Trog
 22982 | Swamp:3  | Noticed a thorn hunter
 23002 | Swamp:3  | Annihilated by a titanic slime creature

Skill      XL: |  1  2  3  4  5  6  7  8  9 10 11 12 13 14 |
---------------+-------------------------------------------+-----
Fighting       | 4 5 6 7 9 11 12 14 15 | 15.1
Maces & Flails | 4 5 6 8 9 11 12 14 16 | 16.0
Armour         | 3 4 5 6 8 9 10 12 13 14 | 14.9
Dodging        | 3 4 5 6 7 |  7.5
Shields        | 4 6 8 10 12 13 | 13.6

Action                   |  1- 3 |  4- 6 |  7- 9 | 10-12 | 13-15 || total
-------------------------+-------+-------+-------+-------+-------++-------
Melee: Mace              |    81 |   155 |    37 |       |       ||   273
       Headbutt          |     5 |    23 |    94 |   141 |   130 ||   393
       Flail             |       |       |   351 |   310 |    27 ||   688
       Morningstar       |       |       |       |   446 |   606 ||  1052
Invok: Trog's Hand       |       |     2 |     4 |     4 |     4 ||    14
       Berserk           |       |     1 |     4 |     3 |     3 ||    11
       Brothers in Arms  |       |       |       |       |     2 ||     2
  Use: Scroll            |       |     7 |     5 |    12 |     2 ||    26
       Potion            |       |       |       |       |     5 ||     5
  Eat: Chunk             |     1 |     7 |    10 |    22 |    14 ||    54
       Ration            |       |       |     2 |     3 |     5 ||    10
Armor: Animal skin       |    16 |       |       |       |       ||    16
       Skin              |     4 |       |       |       |       ||     4
       Ring mail         |     5 |     9 |       |       |       ||    14
       Scale mail        |       |    92 |   138 |     6 |       ||   236
       Chain mail        |       |       |       |   222 |   206 ||   428
Dodge: Dodged            |    57 |   134 |   130 |   140 |   113 ||   574
Block: Large shield      |       |       |    82 |   553 |   493 ||  1128
